 Dungeon Crawl Stone Soup version 0.19-a0-1937-g70ed36a (webtiles) character file.

1433 Leibowitz the Poker (level 8, -2/99 HPs)
             Began as a Demigod Gladiator on Oct 27, 2016.
             Slain by Prince Ribbit (12 damage)
             ... on level 7 of the Dungeon.
             The game lasted 00:19:57 (8017 turns).

Leibowitz the Poker (Demigod Gladiator)             Turns: 8017, Time: 00:19:57

Health: -2/99      AC:  6    Str: 25    XL:     8   Next: 21%
Magic:  10/10      EV: 15    Int: 12    God:
Gold:   323        SH:  0    Dex: 18    Spells: 0 memorised, 7 levels left

rFire  . . .     SeeInvis .     a - +0 trident
rCold  + . .     Gourm    .     z - +1 leather armour {rC+}
rNeg   . . .     Faith    .     (no shield)
rPois  .         Spirit   .     c - +0 helmet
rElec  .         Reflect  .     (no cloak)
rCorr  .         Harm     .     k - +0 pair of gloves
MR     .....                    (no boots)
Stlth  ..........               (no amulet)
                                (no ring)
                                (no ring)

@: berserking, very quick
A: high mp 1
a: no special abilities


You were on level 7 of the Dungeon.
You were hungry.

You visited 2 branches of the dungeon, and saw 8 of its levels.
You also visited: Sewer.

You collected 323 gold pieces.

Inventory:

Hand Weapons
 a - a +0 trident (weapon)
 b - a +0 blowgun
Missiles
 r - a throwing net (quivered)
Armour
 c - a +0 helmet (worn)
 k - a +0 pair of gloves (worn)
 z - a +1 leather armour of cold resistance (worn)
Wands
 u - a wand of lightning (0/15)
 D - a wand of lightning (9/15)
 E - a wand of iceblast (6/15)
Scrolls
 d - a scroll of magic mapping {unknown}
 j - 3 scrolls of fog {unknown}
 l - 2 scrolls of noise {unknown}
 n - 5 scrolls of blinking {unknown}
 o - 5 scrolls of identify {unknown}
 p - 4 scrolls of random uselessness {unknown}
 q - 2 scrolls of enchant armour {unknown}
 t - 3 scrolls of enchant weapon {unknown}
 x - a scroll of teleportation {unknown}
Potions
 s - a potion of flight {unknown}
 v - 2 potions of cure mutation {unknown}
 w - a potion of might {unknown}
 y - a potion of ambrosia {unknown}
 A - 2 potions of magic {unknown}
 B - a potion of curing {unknown}
 F - a potion of agility {unknown}
Comestibles
 f - 2 bread rations
 h - a beef jerky
 m - 3 slices of pizza
 C - a royal jelly
 I - 4 fruits


   Skills:
 + Level 4.1 Fighting
 + Level 7.2 Polearms
 + Level 2.8 Throwing
 + Level 2.6 Armour
 + Level 4.4 Dodging
 + Level 2.4 Stealth
 + Level 0.1 Evocations


You had 7 spell levels left.
You didn't know any spells.

Dungeon Overview and Level Annotations

Branches:
Dungeon (7/15)             Temple (1/1) D:5

Shops:
D:6 (

Annotations:
D:7 Prince Ribbit


Innate Abilities, Weirdness & Mutations

You have an increased reservoir of magic. (+10% MP)


Message History

Prince Ribbit is heavily wounded.
Prince Ribbit blinks!
b - a +0 blowgun (weapon)
Firing (i - inventory. (,) - cycle):
e - a poisoned needle (quivered)
Press: ? - help, Shift-Dir - straight line, f/p - Prince Ribbit
Aim: Prince Ribbit (heavily wounded, poisoned)
You shoot a poisoned needle.
The poisoned needle misses Prince Ribbit.
Prince Ribbit looks more healthy.
a - a +0 trident (weapon)
You barely miss Prince Ribbit.
Prince Ribbit is heavily wounded.
Prince Ribbit hits you!
* * * LOW HITPOINT WARNING * * *
A red film seems to cover your vision as you go berserk!
You feel yourself moving faster!
You feel mighty! Prince Ribbit misses you.
You puncture Prince Ribbit!
Prince Ribbit is severely wounded.
Prince Ribbit hits you!
You die...

#+## #####..#
##...@..##############
.......F................
####(.(...#############.
#...(...# ####.
#......># #....
#(.(....# #.###
#..(..(.# #.# #######.#
#.# .# #.#


You could see Prince Ribbit.

Vanquished Creatures
  Duvessa (D:6)
  A sky beast (D:5)
  2 ice beasts
  4 big kobolds (Sewer)
  Dowan (D:6)
  A howler monkey (D:5)
  A crimson imp (D:5)
  A centaur zombie (D:6)
  A bullfrog zombie (D:6)
  2 hounds (D:5)
  2 jellies (D:6)
  An iguana (D:5)
  3 worker ants
  14 adders
  2 worker ant zombies
  4 river rats (Sewer)
  3 oozes (Sewer)
  8 worms
  2 dart slugs (D:1)
  6 leopard geckos
  6 orcs
  6 ball pythons
  6 bats
  7 giant cockroaches
  14 hobgoblins
  22 jackals
  10 kobolds
  5 quokkas
  9 frilled lizards
  6 goblins
  3 leopard gecko skeletons
  A quokka skeleton (D:5)
  11 rats
166 creatures vanquished.

Notes
Turn   | Place    | Note
-------+----------+-------------------------------------------
     0 | D:1      | Leibowitz the Demigod Gladiator began the quest for the Orb.
     0 | D:1      | Reached XP level 1. HP: 17/17 MP: 3/3
   238 | D:1      | Reached skill level 3 in Polearms
   264 | D:1      | Reached XP level 2. HP: 23/24 MP: 4/4
   824 | D:2      | Reached XP level 3. HP: 29/29 MP: 5/5
   942 | D:2      | HP: 1/29 [poisoned by an adder]
  1686 | D:2      | Reached XP level 4. HP: 36/36 MP: 6/6
  1733 | D:2      | Reached skill level 4 in Polearms
  1946 | D:2      | Reached skill level 1 in Armour
  2252 | D:2      | Reached skill level 1 in Stealth
  3064 | D:3      | Reached XP level 5. HP: 37/42 MP: 7/7
  3800 | D:4      | Found a glowing drain.
  3804 | Sewer    | Entered a sewer
  4053 | Sewer    | Reached skill level 5 in Polearms
  4053 | Sewer    | Reached XP level 6. HP: 37/50 MP: 8/8
  5404 | D:5      | Entered Level 5 of the Dungeon
  5513 | D:5      | Reached skill level 6 in Polearms
  5513 | D:5      | Reached XP level 7. HP: 17/57 MP: 9/9
  6748 | D:5      | Found a staircase to the Ecumenical Temple.
  6756 | Temple   | Entered the Ecumenical Temple
  7184 | D:6      | Noticed Dowan
  7202 | D:6      | Killed Dowan
  7206 | D:6      | Noticed Duvessa
  7243 | D:6      | Killed Duvessa
  7243 | D:6      | Reached skill level 7 in Polearms
  7243 | D:6      | Reached XP level 8. HP: 17/66 MP: 10/10
  7578 | D:6      | Found Ujeto's Antique Weapon Emporium.
  7980 | D:7      | Noticed Prince Ribbit
  8017 | D:7      | Slain by Prince Ribbit

Vault maps used:
D:1:      lemuel_arrival_cross
D:3:      first_bread
D:4:      gup_sewer_entry_bowl
D:5:      hex_intersection, kennysheep_generic_room_11
D:6:      serial_shops, shop, uniq_duvessa
D:7:      uniq_prince_ribbit1
Temple:   grunt_wide_crystal_templ
Sewer:    sewer_co_tree

Skill      XL: |  1  2  3  4  5  6  7  8 |
---------------+-------------------------+-----
Polearms       | 3 4 5 6 7 |  7.2
Fighting       | 2 3 4 |  4.1
Dodging        | 3 4 |  4.4
Armour         | 1 2 |  2.6
Stealth        | 1 2 |  2.4
Throwing       | 2 |  2.8
Evocations     | |  0.1

Action                   |  1- 3 |  4- 6 |  7- 9 || total
-------------------------+-------+-------+-------++-------
Melee: Trident           |   150 |   355 |   232 ||   737
 Fire: Blowgun           |       |       |    30 ||    30
Throw: Throwing net      |     3 |       |     2 ||     5
Evoke: Wand              |       |       |     4 ||     4
  Use: Scroll            |       |     3 |     1 ||     4
       Potion            |       |       |     3 ||     3
 Stab: Held in net/web   |     4 |       |     1 ||     5
       Sleeping          |       |     3 |     5 ||     8
       Distracted        |       |     1 |       ||     1
  Eat: Chunk             |     3 |    13 |     7 ||    23
Armor: Leather armour    |    26 |    75 |    39 ||   140
Dodge: Dodged            |    94 |   220 |   144 ||   458
